 Dungeon Crawl Stone Soup version 0.23.1-38-g628c18f (webtiles) character file.

Game seed: 12815219484090125266

2633 doot the Destroyer (level 9, -9/48 HPs)
             Began as a Tengu Conjurer on Mar 28, 2019.
             Was a Believer of Okawaru.
             Killed from afar by a gargoyle (18 damage)
             ... with a stone arrow
             ... on level 8 of the Dungeon.
             The game lasted 00:20:03 (7067 turns).

doot the Destroyer (Tengu Conjurer)                 Turns: 7067, Time: 00:20:04

Health: -9/48      AC: 23    Str: 11    XL:     9   Next: 61%
Magic:  0/19       EV: 13    Int: 17    God:    Okawaru [**....]
Gold:   334        SH:  0    Dex: 14    Spells: 9/20 levels left

rFire    + . .     SeeInvis .   H - +5 mace "Conservator" {crush, rF+ rN+}
rCold    . . .     Gourm    .   (no shield)
rNeg     + . .     Faith    .   I - +4 scale mail
rPois    .         Spirit   .   (helmet restricted)
rElec    .         Reflect  .   e - +0 cloak
rCorr    .         Harm     .   y - +1 pair of gloves
MR       .....                  (boots unavailable)
Stlth    +.........             t - amulet of regeneration
HPRegen  0.56/turn              j - +6 ring of protection
MPRegen  0.16/turn              D - +4 ring of protection

@: flying quickly and evasively, quick
A: beak, talons 3, able to fly
a: Stop Flying, Heroism, Renounce Religion


You were on level 8 of the Dungeon.
You worshipped Okawaru.
Okawaru was pleased with you.
You were hungry.

You visited 2 branches of the dungeon, and saw 9 of its levels.

You collected 373 gold pieces.
You spent 39 gold pieces at shops.

Inventory:

Hand Weapons
 f - a +1 whip of venom
 r - a +0 quarterstaff
 E - a +2 quarterstaff of chaos
 F - a +0 war axe
 H - the +5 mace "Conservator" (weapon) {crush, rF+ rN+}
   (You found it on level 6 of the Dungeon)

   It inflicts extra damage upon your enemies.
   It protects you from fire.
   It protects you from negative energy.
Armour
 a - a +0 robe
 e - a +0 cloak (worn)
 y - a +1 pair of gloves (worn)
 C - a +0 robe of cold resistance
 I - a +4 scale mail (worn)
Jewellery
 j - a +6 ring of protection (left hand)
 p - an uncursed ring of flight
 s - a +2 amulet of reflection
 t - an amulet of regeneration (around neck)
 x - an uncursed ring of fire
 D - a +4 ring of protection (right hand)
Wands
 G - a wand of disintegration (14)
Scrolls
 b - 4 scrolls of identify
 h - 5 scrolls of remove curse
 i - 2 scrolls of immolation {unknown}
 k - 5 scrolls of teleportation
 m - a scroll of enchant armour {unknown}
 n - a scroll of amnesia {unknown}
 u - 2 scrolls of enchant weapon {unknown}
 v - a scroll of random uselessness {unknown}
 B - a scroll of fear {unknown}
Potions
 d - 3 potions of heal wounds
 g - 3 potions of curing
 l - 2 potions of agility {unknown}
 o - 5 potions of flight
 q - a potion of brilliance {unknown}
 w - a potion of might {unknown}
 z - 2 potions of lignification {unknown}
 A - 4 potions of haste {unknown}
Comestibles
 c - 11 rations


   Skills:
 + Level 2.3 Fighting
 + Level 4.2 Maces & Flails
 + Level 6.6 Dodging
 + Level 4.3 Stealth
 + Level 0.2 Unarmed Combat
 + Level 6.4 Spellcasting
 + Level 10.3 Conjurations
 + Level 0.3 Hexes
 + Level 0.3 Evocations


You had 9 spell levels left.
You knew the following spells:

 Your Spells              Type           Power        Failure   Level  Hunger
a - Magic Dart            Conj           ####         1%          1    None
b - Searing Ray           Conj           #####.       1%          2    None
c - Iskenderun's Mystic   Conj           #####...     11%         4    ####...
d - Fulminant Prism       Conj/Hex       ###.......   65%         4    ####...

Your spell library contained the following spells:

 Spells                   Type           Power        Failure   Level  Hunger
 Dazzling Spray           Conj/Hex       ###...       26%         3    ##.....
 Force Lance              Conj/Tloc      ###.....     67%         4    ####...


Dungeon Overview and Level Annotations

Branches:
Dungeon (8/15)             Temple (1/1) D:6
   Lair: D:8-11

Altars:
Ashenzari
Cheibriados
Fedhas
Hepliaklqana
Kikubaaqudgha
Makhleb
Nemelex Xobeh
Okawaru
Qazlal
Ru
Sif Muna
Trog
Uskayaw
Vehumet
Wu Jian
Xom
Yredelemnul
Zin
The Shining One

Shops:
D:6 %   D:7 [*

Annotations:
D:5 Edmund


Innate Abilities, Weirdness & Mutations

You have a beak for a mouth.
You have claws for feet.
You can fly continuously.


Message History

Aiming: Magic Dart (safe; 1% risk of failure)
Press: ? - help, Shift-Dir - straight line, f/p - gargoyle
Aim: a gargoyle, wielding a +0 mace (almost destroyed)
The magic dart hits the gargoyle but does no damage.
The gargoyle is almost destroyed.
The gargoyle hits you but does no damage.
You hit the gargoyle but do no damage.
The gargoyle is almost destroyed.
The gargoyle hits you with a +0 mace.
* * * LOW HITPOINT WARNING * * *
Casting: Magic Dart (safe; 1% risk of failure)
Confirm with . or Enter, or press ? or * to list all spells.
Aiming: Magic Dart (safe; 1% risk of failure)
Press: ? - help, Shift-Dir - straight line, f/p - gargoyle
Aim: a gargoyle, wielding a +0 mace (almost destroyed)
The magic dart hits the gargoyle but does no damage.
The gargoyle is almost destroyed.
The gargoyle hurls a stone arrow at you.
The stone arrow hits you!!
You die...

.# .. .## ##### ..#
#.... #.## #.#.##
#####..# #.#..
#(9))).#
#.#.#####.####.#
#.#...).@.# ...
#...##########....#
###.#........#....#
#.#.######.#..>.#
#.#.#....#.####.#
#.#.#.##.#.# .#
#.#.#.<#.#.#
#.#.####.#.#
#.#....#.#)#


You could see a gargoyle.

Vanquished Creatures
  Sigmund (D:6)
  A water moccasin (D:6)
  An orc warrior (D:7)
  An ice beast (D:6)
  2 sky beasts (D:7)
  A phantom (D:7)
  2 centaurs
  2 big kobolds
  3 bullfrogs (D:6)
  A water moccasin zombie (D:6)
  A scorpion (D:7)
  6 killer bees
  3 howler monkeys
  4 wights
  2 crimson imps (D:7)
  2 hounds (D:7)
  A bullfrog zombie (D:5)
  A bullfrog skeleton (D:4)
  4 orc wizards
  5 orc priests
  Crazy Yiuf (D:6)
  2 iguanas (D:6)
  4 worker ants
  2 hound skeletons
  A worker ant zombie (D:6)
  4 adders
  A shadow imp (D:6)
  An adder zombie (D:7)
  A worm (D:2)
  A dart slug (D:2)
  3 leopard geckos
  16 orcs
  A ball python (D:1)
  2 giant cockroaches
  5 goblins
  4 hobgoblins
  2 jackals (D:1)
  14 kobolds
  A quokka (D:5)
  7 bats
  3 frilled lizards
  A giant cockroach zombie (D:6)
  A quokka skeleton (D:7)
  4 rats
126 creatures vanquished.

Vanquished Creatures (others)
  2 fulminant prisms
2 creatures vanquished.

Grand Total: 128 creatures vanquished

Notes
Turn   | Place    | Note
-------+----------+-------------------------------------------
     0 | D:1      | doot the Tengu Conjurer began the quest for the Orb.
     0 | D:1      | Reached XP level 1. HP: 10/10 MP: 4/4
    62 | D:1      | Reached XP level 2. HP: 5/15 MP: 1/6
   962 | D:1      | Reached skill level 6 in Conjurations
  1000 | D:1      | Learned a level 2 spell: Searing Ray
  1362 | D:2      | Reached XP level 3. HP: 19/19 MP: 5/7
  1780 | D:3      | Reached XP level 4. HP: 24/24 MP: 3/8
  1827 | D:3      | Reached skill level 7 in Conjurations
  1954 | D:3      | Found a shimmering altar of Xom.
  2147 | D:4      | Found a sacrificial altar of Ru.
  2270 | D:4      | Gained mutation: You can fly continuously. [Tengu growth]
  2270 | D:4      | Reached XP level 5. HP: 23/28 MP: 5/9
  2347 | D:4      | Reached skill level 1 in Fighting
  2551 | D:5      | Entered Level 5 of the Dungeon
  2904 | D:5      | Noticed Edmund
  3104 | D:6      | Reached XP level 6. HP: 34/34 MP: 6/11
  3188 | D:6      | Reached skill level 8 in Conjurations
  3425 | D:6      | Noticed an ice beast
  3435 | D:6      | Killed an ice beast
  3435 | D:6      | Reached skill level 1 in Maces & Flails
  3435 | D:6      | Reached XP level 7. HP: 38/38 MP: 5/13
  3501 | D:6      | Learned a level 4 spell: Iskenderun's Mystic Blast
  3506 | D:6      | Learned a level 4 spell: Fulminant Prism
  3516 | D:6      | Noticed Sigmund
  3738 | D:6      | Killed Sigmund
  4068 | D:6      | Found a runed translucent door.
  4069 | D:6      | Noticed Crazy Yiuf
  4133 | D:6      | Found Haenaaf's Food Shop.
  4166 | D:6      | Found a hide-covered altar of Uskayaw.
  4183 | D:6      | Reached XP level 8. HP: 44/44 MP: 11/16
  4191 | D:6      | Reached skill level 9 in Conjurations
  4412 | D:6      | Found a staircase to the Ecumenical Temple.
  4555 | Temple   | Entered the Ecumenical Temple
  4690 | Temple   | Became a worshipper of Warmaster Okawaru
  4996 | D:6      | Killed Crazy Yiuf
  5048 | D:6      | Got an encrusted mace
  5049 | D:6      | Identified the +5 mace "Conservator" {crush, rF+ rN+} (You
                  | found it on level 6 of the Dungeon)
  5084 | D:7      | Found Idghui's Antique Armour Shoppe.
  5111 | D:6      | Reached skill level 5 in Spellcasting
  5213 | D:7      | Found Doqasheh's General Store.
  5243 | D:6      | Reached skill level 5 in Dodging
  5646 | D:7      | Reached * piety under Okawaru
  5665 | D:7      | Bought a potion of curing for 39 gold pieces
  5782 | D:7      | Reached XP level 9. HP: 45/48 MP: 4/18
  6415 | D:7      | Reached skill level 10 in Conjurations
  6507 | D:7      | Reached ** piety under Okawaru
  7032 | D:8      | Noticed a gargoyle
  7067 | D:8      | Killed from afar by a gargoyle

Skill      XL: |  1  2  3  4  5  6  7  8  9 |
---------------+----------------------------+-----
Conjurations   | 6 7 8 9 10 | 10.3
Fighting       | 1 2 |  2.3
Spellcasting   | 3 4 5 6 |  6.4
Maces & Flails | 1 3 4 |  4.2
Dodging        | 3 6 |  6.6
Stealth        | 3 4 |  4.3
Unarmed Combat | |  0.2
Hexes          | |  0.3
Evocations     | |  0.3

Action                   |  1- 3 |  4- 6 |  7- 9 || total
-------------------------+-------+-------+-------++-------
Melee: Unarmed           |     7 |       |       ||     7
       Peck              |     6 |     3 |    14 ||    23
       Kick              |     6 |     5 |    28 ||    39
       Whip              |    26 |    13 |    28 ||    67
       Mace              |       |       |    76 ||    76
 Cast: Magic Dart        |    33 |    46 |    88 ||   167
       Searing Ray       |     2 |     5 |    38 ||    45
       Fulminant Prism   |       |       |     2 ||     2
       Iskenderun's Myst |       |       |     1 ||     1
 Abil: Evoke Flight      |       |     1 |       ||     1
       Fly               |       |       |     1 ||     1
  Use: Scroll            |       |     4 |     1 ||     5
 Stab: Sleeping          |     1 |       |     1 ||     2
  Eat: Chunk             |     3 |     6 |     8 ||    17
       Ration            |       |       |     1 ||     1
Armor: Robe              |    11 |     7 |    54 ||    72
       Scale mail        |       |       |    12 ||    12
Dodge: Dodged            |    33 |    11 |   183 ||   227
